Map: Deathaura LE

Players

IIIIIIIIIIII - Winner!

  • Race: Protoss Protoss
  • League: Master
  • Spawn Location: 5:00

RipNHammer

  • Race: Terran Terran
  • League: Diamond
  • Spawn Location: 11:00

VOD

Have the link to the VOD?

Description

Time

  • Played on: Jan. 31, 2021, 2:57 p.m.
  • Length: 4:26
Show
View Real Time Build Order
Export as new Build Order

IIIIIIIIIIII Protoss - Winner!

Build Orders: 1 Gate Expand 

Get SALT Encoding   

  12  0:00  Probe  
  13  0:12  Probe  
  14  0:17  Pylon  
  14  0:24  Probe (Chrono Boost)  
  16  0:37  Gateway, Probe (Chrono Boost)  
  16  0:42  Probe (Chrono Boost)  
  16  0:46  Assimilator  
  17  0:52  Probe  
  18  1:04  Probe  
  19  1:16  Probe  
  20  1:24  Cybernetics Core  
  20  1:36  Nexus  
  20  1:42  Pylon  
  20  1:43  Probe  
  21  1:52  Assimilator  
  20  1:55  Probe  
  21  2:03  Adept (Chrono Boost)  
  21  2:08  Probe  
  24  2:17  Robotics Facility  
  24  2:20  Warp Gate, Probe  
  25  2:32  Probe  
  25  2:35  Stalker  
  28  2:43  Shield Battery  
  28  2:44  Probe  
  28  2:50  Probe  
  30  2:56  Probe  
  32  3:07  Immortal (Chrono Boost)  
  36  3:15  Shield Battery  
  35  3:24  Pylon  
  35  3:26  Pylon  
  34  3:27  Stalker  
  27  3:55  Probe x2  
Show
View Real Time Build Order
Export as new Build Order

RipNHammer Terran 

Build Orders:  

Get SALT Encoding   

  12  0:00  SCV  
  13  0:12  SCV  
  14  0:17  Supply Depot  
  14  0:24  SCV  
  15  0:40  Barracks  
  15  0:47  Barracks  
  15  0:51  SCV  
  16  0:58  Refinery  
  16  1:03  SCV  
  17  1:15  SCV  
  18  1:26  Marine  
  18  1:29  Orbital Command  
  19  1:35  Barracks Tech Lab  
  19  1:44  Marine  
  20  1:56  Marauder, Supply Depot  
  22  2:04  Marine  
  22  2:05  Concussive Shells  
  23  2:18  Marauder  
  23  2:21  Marine  
  26  2:23  Supply Depot  
  26  2:39  Marine x2  
  27  2:57  Marauder, Marine  
  30  3:03  SCV  
  31  3:15  Marine  
  31  3:16  SCV  
  31  3:18  Marine, Supply Depot  
  23  3:55  Marine  
  23  3:56  Marauder  
  19  4:06  SCV  
Tags
 
Add a new tag
Caveats
  • Supply blocks, unpowered buildings, or Contaminate may cause inaccurate times.
  • Supply counts are checked every 10 seconds.